[ AOE2 MATCH · #474349443 ]
UnrankedShu vs Italians
[ REPLAY ANALYSIS · EXTRACTED FROM THE RECORDED GAME ]
Feudal
10:31
Castle
14:11
Imperial
30:03
| APM avg | 44.9 |
| APM peak | 82 |
| eAPM avg | 20.6 |
| Villagers / military | 173 / 117 |
Focus
⚔️ 31.3% · 🌾 68.7%
Spearman ×71 · Militia ×22 · Battering Ram ×11 · Mangonel ×9 · Unknown (1942) ×9 · Monk ×4
Feudal
8:04
Castle
22:49
Imperial
29:30
| APM avg | 43.1 |
| APM peak | 92 |
| eAPM avg | 21.6 |
| Villagers / military | 152 / 87 |
Focus
⚔️ 51.5% · 🌾 48.5%
Genoese Crossbowman ×80 · Bombard Cannon ×4 · Trebuchet (Packed) ×3
Feudal
11:17
Castle
14:56
Imperial
—
| APM avg | 19.7 |
| APM peak | 67 |
| eAPM avg | 11.4 |
| Villagers / military | 53 / 8 |
Focus
⚔️ 39.2% · 🌾 60.8%
Unknown (1920) ×17 · Battering Ram ×5 · Iron Pagoda ×2 · Scorpion ×1
Feudal
12:02
Castle
16:10
Imperial
—
| APM avg | 49.5 |
| APM peak | 147 |
| eAPM avg | 19.0 |
| Villagers / military | 69 / 134 |
Focus
⚔️ 34.8% · 🌾 65.2%
Knight ×68 · Militia ×59 · Scout Cavalry ×7
Feudal
10:34
Castle
15:01
Imperial
—
| APM avg | 24.4 |
| APM peak | 72 |
| eAPM avg | 12.5 |
| Villagers / military | 34 / 4 |
Focus
⚔️ 25.1% · 🌾 74.9%
Mangonel ×3 · Monk ×1
Feudal
10:59
Castle
13:40
Imperial
33:40
| APM avg | 25.0 |
| APM peak | 64 |
| eAPM avg | 17.5 |
| Villagers / military | 151 / 26 |
Focus
⚔️ 26.9% · 🌾 73.1%
Ballista Elephant ×13 · Battering Ram ×7 · Battle Elephant ×4 · Monk ×1 · Petard ×1
Match map
Initial resources + every placement click. Lines = walls · curves = elevation contours. ◆ gold · ⬟ stone · ● berries · ✦ relic · ◌ wall gap
Your base· ✓ Closed at 14:11 · 0t walls · 2 gate(s)
[MLTS] RKotzen's base· ✓ Closed at 22:49 · 0t walls · 3 gate(s)
Window_of_Opportunity's base· ✓ Closed at 14:56 · 0t walls · 3 gate(s)
[IMGG]LORDOCT's base· ✓ Closed at 16:10 · 0t walls · 2 gate(s)
Hetzer's base· ✓ Closed at 15:01 · 7t walls · 3 gate(s)
[KT] The Best's base· ✓ Closed at 13:40 · 0t walls · 3 gate(s)
Smoothed initial terrain · ◌ = detected wall gap · hover for details
Inputs per minute
— sam666 - - [MLTS] RKotzen
Build order — sam666
First 150 of 495 actions detected
| 0:01 | Create | Villager (Male) |
| 0:01 | Create | Villager (Male) |
| 0:02 | Create | Villager (Male) |
| 0:02 | Create | Villager (Male) |
| 0:03 | Build | House |
| 0:05 | Build | House |
| 1:30 | Create | Villager (Male) |
| 1:30 | Create | Villager (Male) |
| 1:47 | Build | Lumber Camp |
| 1:59 | Create | Villager (Male) |
| 1:59 | Create | Villager (Male) |
| 2:21 | Create | Villager (Male) |
| 2:53 | Create | Villager (Male) |
| 2:54 | Create | Villager (Male) |
| 2:59 | Create | Villager (Male) |
| 2:59 | Create | Villager (Male) |
| 3:35 | Create | Villager (Male) |
| 3:35 | Create | Villager (Male) |
| 3:54 | Build | Mill |
| 4:03 | Build | House |
| 4:04 | Create | Villager (Male) |
| 4:05 | Create | Villager (Male) |
| 4:05 | Create | Villager (Male) |
| 4:35 | Create | Villager (Male) |
| 4:35 | Create | Villager (Male) |
| 4:55 | Create | Villager (Male) |
| 4:55 | Create | Villager (Male) |
| 5:08 | Create | Villager (Male) |
| 5:08 | Create | Villager (Male) |
| 5:44 | Create | Villager (Male) |
| 5:56 | Build | House |
| 6:08 | Create | Villager (Male) |
| 6:09 | Create | Villager (Male) |
| 6:09 | Create | Villager (Male) |
| 7:31 | Create | Villager (Male) |
| 8:01 | Build | Mining Camp |
| 8:18 | Research | Feudal Age |
| 8:51 | Build | House |
| 9:53 | Create | Villager (Male) |
| 9:54 | Create | Villager (Male) |
| 10:31 | Age | Feudal Age |
| 10:40 | Build | Market |
| 10:43 | Build | Blacksmith |
| 11:31 | Research | Castle Age |
| 11:31 | Research | Castle Age |
| 11:32 | Research | Castle Age |
| 12:02 | Build | Farm |
| 12:05 | Build | Lumber Camp |
| 12:14 | Research | Horse Collar |
| 12:16 | Research | Double-Bit Axe |
| 12:16 | Research | Double-Bit Axe |
| 12:51 | Build | Farm |
| 12:55 | Build | Farm |
| 12:57 | Build | Farm |
| 13:18 | Create | Villager (Male) |
| 13:18 | Create | Villager (Male) |
| 14:11 | Age | Castle Age |
| 14:15 | Build | Town Center |
| 14:26 | Build | Town Center |
| 14:28 | Research | Bow Saw |
| 14:28 | Research | Bow Saw |
| 14:39 | Build | Farm |
| 14:43 | Create | Villager (Male) |
| 14:48 | Build | House |
| 15:05 | Build | Farm |
| 15:29 | Build | House |
| 15:30 | Build | House |
| 15:31 | Create | Villager (Male) |
| 15:36 | Build | Farm |
| 15:39 | Create | Villager (Male) |
| 15:47 | Build | Farm |
| 15:48 | Build | Farm |
| 15:52 | Create | Villager (Male) |
| 15:53 | Create | Villager (Male) |
| 16:00 | Build | Farm |
| 16:03 | Create | Villager (Male) |
| 16:11 | Build | Farm |
| 16:22 | Create | Villager (Male) |
| 16:29 | Build | Farm |
| 16:32 | Build | Farm |
| 16:33 | Create | Villager (Male) |
| 16:39 | Build | Farm |
| 16:53 | Create | Villager (Male) |
| 16:57 | Build | Farm |
| 17:00 | Create | Villager (Male) |
| 17:11 | Create | Villager (Male) |
| 17:22 | Build | Monastery |
| 17:27 | Create | Villager (Male) |
| 17:29 | Create | Villager (Male) |
| 17:32 | Build | Farm |
| 17:36 | Build | Farm |
| 17:42 | Build | Farm |
| 17:44 | Create | Villager (Male) |
| 17:50 | Build | Farm |
| 17:54 | Build | Farm |
| 17:56 | Create | Villager (Male) |
| 17:57 | Create | Villager (Male) |
| 18:04 | Build | Farm |
| 18:09 | Create | Villager (Male) |
| 18:20 | Create | Monk |
| 18:25 | Create | Villager (Male) |
| 18:27 | Create | Villager (Male) |
| 18:36 | Create | Villager (Male) |
| 18:39 | Create | Villager (Male) |
| 18:39 | Create | Villager (Male) |
| 18:50 | Build | Town Center |
| 18:53 | Create | Villager (Male) |
| 18:59 | Create | Villager (Male) |
| 19:03 | Build | Farm |
| 19:06 | Build | Farm |
| 19:12 | Create | Villager (Male) |
| 19:14 | Create | Monk |
| 19:24 | Research | Wheelbarrow |
| 19:31 | Build | Farm |
| 19:36 | Create | Villager (Male) |
| 19:39 | Build | House |
| 19:40 | Build | House |
| 19:41 | Build | House |
| 19:48 | Create | Villager (Male) |
| 19:59 | Create | Villager (Male) |
| 20:06 | Research | Heavy Plow |
| 20:06 | Research | Heavy Plow |
| 20:10 | Research | Loom |
| 20:11 | Create | Villager (Male) |
| 20:20 | Create | Villager (Male) |
| 20:27 | Build | Mill |
| 20:27 | Build | Farm |
| 20:29 | Build | Farm |
| 20:30 | Build | Farm |
| 20:35 | Create | Villager (Male) |
| 20:44 | Create | Villager (Male) |
| 20:49 | Build | Barracks |
| 20:56 | Create | Villager (Male) |
| 20:57 | Create | Villager (Male) |
| 20:58 | Create | Villager (Male) |
| 21:04 | Build | House |
| 21:05 | Build | House |
| 21:06 | Build | House |
| 21:24 | Create | Villager (Male) |
| 21:25 | Create | Villager (Male) |
| 21:26 | Create | Villager (Male) |
| 21:27 | Create | Villager (Male) |
| 21:32 | Research | Gold Mining |
| 21:32 | Research | Gold Mining |
| 21:45 | Build | Mill |
| 21:46 | Build | Farm |
| 21:47 | Build | Farm |
| 21:49 | Build | Farm |
| 21:53 | Create | Villager (Male) |
| 21:53 | Create | Villager (Male) |
Build order — [MLTS] RKotzen
First 150 of 288 actions detected
| 0:01 | Create | Villager (Male) |
| 0:01 | Create | Villager (Male) |
| 0:02 | Build | House |
| 0:04 | Build | House |
| 0:04 | Create | Villager (Male) |
| 0:04 | Create | Villager (Male) |
| 1:21 | Build | Lumber Camp |
| 1:23 | Create | Villager (Male) |
| 1:23 | Create | Villager (Male) |
| 2:06 | Create | Villager (Male) |
| 2:06 | Create | Villager (Male) |
| 2:21 | Create | Villager (Male) |
| 2:23 | Build | House |
| 2:41 | Create | Villager (Male) |
| 2:41 | Create | Villager (Male) |
| 3:03 | Create | Villager (Male) |
| 3:03 | Create | Villager (Male) |
| 3:41 | Create | Villager (Male) |
| 3:41 | Create | Villager (Male) |
| 3:43 | Create | Villager (Male) |
| 3:43 | Create | Villager (Male) |
| 4:35 | Create | Villager (Male) |
| 4:35 | Create | Villager (Male) |
| 4:35 | Create | Villager (Male) |
| 4:38 | Build | Mining Camp |
| 5:08 | Research | Loom |
| 5:54 | Research | Feudal Age |
| 6:48 | Build | House |
| 7:21 | Create | Villager (Male) |
| 7:40 | Create | Villager (Male) |
| 7:47 | Build | Outpost |
| 8:00 | Create | Villager (Male) |
| 8:04 | Age | Feudal Age |
| 8:10 | Build | Watch Tower |
| 8:19 | Create | Villager (Male) |
| 8:31 | Research | Double-Bit Axe |
| 8:48 | Create | Villager (Male) |
| 9:01 | Create | Villager (Male) |
| 9:15 | Create | Villager (Male) |
| 9:19 | Create | Villager (Male) |
| 9:19 | Create | Villager (Male) |
| 9:20 | Create | Villager (Male) |
| 9:38 | Create | Villager (Male) |
| 10:23 | Create | Villager (Male) |
| 10:29 | Create | Villager (Male) |
| 10:35 | Build | Outpost |
| 10:40 | Build | House |
| 11:06 | Build | Watch Tower |
| 11:07 | Create | Villager (Male) |
| 11:24 | Build | Watch Tower |
| 11:24 | Create | Villager (Male) |
| 11:55 | Build | Blacksmith |
| 11:57 | Create | Villager (Male) |
| 12:11 | Build | Watch Tower |
| 12:12 | Create | Villager (Male) |
| 12:30 | Build | Mill |
| 12:34 | Build | House |
| 12:40 | Research | Fletching |
| 12:40 | Research | Fletching |
| 12:41 | Create | Villager (Male) |
| 12:42 | Create | Villager (Male) |
| 12:49 | Create | Villager (Male) |
| 12:49 | Create | Villager (Male) |
| 13:08 | Build | Watch Tower |
| 13:10 | Create | Villager (Male) |
| 13:10 | Create | Villager (Male) |
| 13:48 | Build | Farm |
| 13:49 | Build | Farm |
| 13:52 | Build | Farm |
| 14:26 | Build | Farm |
| 14:29 | Build | Farm |
| 14:29 | Build | Farm |
| 14:40 | Create | Villager (Male) |
| 14:40 | Create | Villager (Male) |
| 14:49 | Build | Farm |
| 14:50 | Create | Villager (Male) |
| 14:51 | Create | Villager (Male) |
| 15:17 | Build | Farm |
| 15:18 | Create | Villager (Male) |
| 15:18 | Create | Villager (Male) |
| 15:39 | Create | Villager (Male) |
| 15:40 | Create | Villager (Male) |
| 15:43 | Build | Farm |
| 15:46 | Build | Farm |
| 15:47 | Create | Villager (Male) |
| 15:47 | Create | Villager (Male) |
| 15:59 | Build | House |
| 16:04 | Build | House |
| 16:05 | Create | Villager (Male) |
| 16:06 | Create | Villager (Male) |
| 16:13 | Create | Villager (Male) |
| 16:14 | Create | Villager (Male) |
| 16:18 | Build | Watch Tower |
| 16:27 | Build | House |
| 16:28 | Create | Villager (Male) |
| 16:28 | Create | Villager (Male) |
| 16:40 | Build | Farm |
| 16:40 | Create | Villager (Male) |
| 16:41 | Create | Villager (Male) |
| 16:45 | Build | Mining Camp |
| 16:47 | Create | Villager (Male) |
| 17:02 | Create | Villager (Male) |
| 17:03 | Create | Villager (Male) |
| 17:13 | Create | Villager (Male) |
| 17:14 | Create | Villager (Male) |
| 17:16 | Build | Farm |
| 17:26 | Create | Villager (Male) |
| 17:27 | Create | Villager (Male) |
| 17:31 | Build | Gate |
| 17:45 | Create | Villager (Male) |
| 17:46 | Create | Villager (Male) |
| 17:46 | Create | Villager (Male) |
| 17:58 | Create | Villager (Male) |
| 17:59 | Create | Villager (Male) |
| 18:06 | Create | Villager (Male) |
| 18:08 | Build | Market |
| 18:10 | Create | Villager (Male) |
| 18:11 | Create | Villager (Male) |
| 18:12 | Create | Villager (Male) |
| 18:12 | Create | Villager (Male) |
| 18:13 | Create | Villager (Male) |
| 18:14 | Create | Villager (Male) |
| 18:30 | Create | Villager (Male) |
| 18:30 | Create | Villager (Male) |
| 18:39 | Create | Villager (Male) |
| 18:55 | Create | Villager (Male) |
| 19:04 | Create | Villager (Male) |
| 19:15 | Create | Villager (Male) |
| 19:15 | Create | Villager (Male) |
| 19:15 | Create | Villager (Male) |
| 19:20 | Create | Villager (Male) |
| 19:21 | Create | Villager (Male) |
| 19:22 | Create | Villager (Male) |
| 19:23 | Create | Villager (Male) |
| 19:23 | Create | Villager (Male) |
| 19:25 | Create | Villager (Male) |
| 19:26 | Create | Villager (Male) |
| 19:33 | Create | Villager (Male) |
| 19:34 | Create | Villager (Male) |
| 19:47 | Build | Farm |
| 19:48 | Build | Farm |
| 20:04 | Research | Castle Age |
| 20:04 | Research | Castle Age |
| 20:04 | Research | Castle Age |
| 20:21 | Research | Horse Collar |
| 21:16 | Build | Outpost |
| 21:19 | Build | Outpost |
| 22:00 | Create | Villager (Male) |
| 22:49 | Age | Castle Age |
| 22:51 | Create | Villager (Male) |
Build order — Window_of_Opportunity
118 actions detected in the replay
| 0:00 | Create | Villager (Male) |
| 0:00 | Create | Villager (Male) |
| 0:02 | Build | House |
| 0:03 | Build | House |
| 0:12 | Create | Villager (Male) |
| 0:13 | Create | Villager (Male) |
| 1:23 | Create | Villager (Male) |
| 1:44 | Build | Lumber Camp |
| 2:10 | Create | Villager (Male) |
| 2:21 | Create | Villager (Male) |
| 2:56 | Create | Villager (Male) |
| 3:23 | Create | Villager (Male) |
| 3:45 | Build | House |
| 3:46 | Build | House |
| 3:51 | Build | House |
| 4:01 | Create | Villager (Male) |
| 4:10 | Create | Villager (Male) |
| 5:06 | Create | Villager (Male) |
| 5:07 | Create | Villager (Male) |
| 5:35 | Build | Mill |
| 5:42 | Create | Villager (Male) |
| 5:43 | Create | Villager (Male) |
| 5:59 | Create | Villager (Male) |
| 6:12 | Create | Villager (Male) |
| 6:26 | Create | Villager (Male) |
| 7:56 | Create | Villager (Male) |
| 7:56 | Create | Villager (Male) |
| 8:24 | Build | Mining Camp |
| 9:05 | Create | Villager (Male) |
| 9:06 | Research | Feudal Age |
| 9:50 | Research | Loom |
| 9:50 | Create | Villager (Male) |
| 11:17 | Age | Feudal Age |
| 11:22 | Build | Market |
| 11:23 | Build | Blacksmith |
| 11:32 | Create | Villager (Male) |
| 11:51 | Build | House |
| 12:16 | Research | Castle Age |
| 12:19 | Build | Mining Camp |
| 13:32 | Research | Double-Bit Axe |
| 13:38 | Research | Tech 1014 |
| 13:41 | Create | Villager (Male) |
| 14:56 | Age | Castle Age |
| 15:25 | Build | Castle |
| 15:30 | Create | Villager (Male) |
| 15:31 | Create | Villager (Male) |
| 15:36 | Research | Bow Saw |
| 15:59 | Build | Pasture |
| 16:00 | Build | Pasture |
| 16:21 | Build | Pasture |
| 16:35 | Build | Mining Camp |
| 16:50 | Create | Villager (Male) |
| 17:08 | Create | Unit 1920 |
| 17:29 | Create | Villager (Male) |
| 17:46 | Build | Mill |
| 17:54 | Create | Unit 1920 |
| 18:15 | Build | Siege Workshop |
| 18:23 | Create | Unit 1920 |
| 18:37 | Create | Unit 1920 |
| 18:54 | Create | Villager (Male) |
| 19:07 | Create | Battering Ram |
| 19:23 | Create | Unit 1920 |
| 19:32 | Create | Battering Ram |
| 19:53 | Create | Villager (Male) |
| 20:03 | Create | Unit 1920 |
| 20:19 | Create | Villager (Male) |
| 20:23 | Create | Battering Ram |
| 20:26 | Create | Unit 1920 |
| 20:30 | Create | Villager (Male) |
| 20:55 | Create | Battering Ram |
| 20:57 | Create | Unit 1920 |
| 20:59 | Create | Villager (Male) |
| 21:07 | Build | House |
| 21:07 | Build | House |
| 21:49 | Create | Unit 1920 |
| 21:56 | Create | Unit 1920 |
| 21:57 | Create | Battering Ram |
| 22:00 | Create | Unit 1920 |
| 22:07 | Research | Scale Mail Armor |
| 22:11 | Create | Villager (Male) |
| 23:00 | Create | Unit 1920 |
| 23:00 | Create | Villager (Male) |
| 23:00 | Create | Villager (Male) |
| 23:00 | Create | Villager (Male) |
| 23:09 | Create | Villager (Male) |
| 23:10 | Create | Unit 1920 |
| 23:46 | Create | Unit 1920 |
| 23:46 | Create | Villager (Male) |
| 24:09 | Create | Unit 1920 |
| 24:10 | Create | Villager (Male) |
| 24:22 | Create | Unit 1920 |
| 24:23 | Create | Villager (Male) |
| 24:35 | Create | Villager (Male) |
| 24:45 | Build | Pasture |
| 25:01 | Build | Pasture |
| 25:02 | Build | Pasture |
| 25:03 | Build | Pasture |
| 25:08 | Build | Pasture |
| 25:10 | Build | Lumber Camp |
| 25:17 | Research | Tech 1013 |
| 25:22 | Build | Pasture |
| 25:24 | Create | Unit 1920 |
| 25:29 | Create | Scorpion |
| 25:34 | Create | Villager (Male) |
| 25:44 | Build | Outpost |
| 25:45 | Research | Town Watch |
| 26:04 | Create | Villager (Male) |
| 26:04 | Create | Villager (Male) |
| 26:04 | Create | Villager (Male) |
| 26:23 | Create | Villager (Male) |
| 26:23 | Create | Villager (Male) |
| 26:24 | Create | Villager (Male) |
| 26:34 | Create | Iron Pagoda |
| 26:39 | Create | Villager (Male) |
| 26:43 | Create | Villager (Male) |
| 26:45 | Create | Iron Pagoda |
| 26:47 | Create | Villager (Male) |
| 27:15 | Create | Villager (Male) |
Build order — [IMGG]LORDOCT
First 150 of 258 actions detected
| 0:03 | Create | Villager (Male) |
| 0:03 | Create | Villager (Male) |
| 0:03 | Create | Villager (Male) |
| 0:04 | Create | Villager (Male) |
| 0:07 | Build | House |
| 0:09 | Build | House |
| 1:41 | Create | Villager (Male) |
| 1:50 | Build | Lumber Camp |
| 2:09 | Create | Villager (Male) |
| 2:29 | Create | Villager (Male) |
| 2:50 | Create | Villager (Male) |
| 3:34 | Create | Villager (Male) |
| 3:53 | Build | House |
| 3:58 | Create | Villager (Male) |
| 3:59 | Create | Villager (Male) |
| 3:59 | Create | Villager (Male) |
| 4:49 | Create | Villager (Male) |
| 4:58 | Create | Villager (Male) |
| 5:22 | Create | Villager (Male) |
| 5:36 | Build | House |
| 5:42 | Build | House |
| 6:00 | Create | Villager (Male) |
| 6:16 | Create | Villager (Male) |
| 6:18 | Create | Villager (Male) |
| 7:08 | Create | Villager (Male) |
| 7:22 | Create | Villager (Male) |
| 7:29 | Build | Mill |
| 7:36 | Create | Villager (Male) |
| 7:59 | Research | Double-Bit Axe |
| 8:09 | Research | Horse Collar |
| 8:33 | Create | Villager (Male) |
| 8:55 | Build | Farm |
| 9:02 | Create | Villager (Male) |
| 9:10 | Create | Villager (Male) |
| 9:14 | Build | Mining Camp |
| 9:29 | Research | Feudal Age |
| 9:32 | Build | Farm |
| 12:02 | Age | Feudal Age |
| 12:04 | Create | Villager (Male) |
| 12:08 | Build | Market |
| 12:13 | Build | Blacksmith |
| 12:18 | Create | Villager (Male) |
| 12:26 | Build | Farm |
| 12:27 | Build | Farm |
| 12:29 | Build | Farm |
| 13:30 | Research | Castle Age |
| 13:34 | Build | Farm |
| 13:39 | Build | Barracks |
| 14:58 | Build | Stable |
| 15:35 | Build | Stable |
| 15:47 | Create | Villager (Male) |
| 15:53 | Build | House |
| 15:56 | Create | Villager (Male) |
| 16:04 | Build | Farm |
| 16:07 | Build | Farm |
| 16:10 | Age | Castle Age |
| 16:16 | Create | Knight |
| 16:16 | Create | Knight |
| 16:31 | Build | House |
| 16:38 | Build | Farm |
| 16:42 | Build | Farm |
| 16:46 | Create | Villager (Male) |
| 16:47 | Create | Knight |
| 16:48 | Create | Knight |
| 17:04 | Create | Knight |
| 17:04 | Create | Knight |
| 17:08 | Build | Farm |
| 17:12 | Build | Farm |
| 17:28 | Research | Husbandry |
| 17:32 | Research | Scale Barding Armor |
| 17:51 | Build | Farm |
| 17:56 | Build | Farm |
| 17:58 | Create | Knight |
| 18:16 | Create | Knight |
| 18:16 | Create | Knight |
| 18:23 | Build | Farm |
| 18:24 | Build | Farm |
| 18:25 | Create | Villager (Male) |
| 18:29 | Build | Farm |
| 18:49 | Create | Villager (Male) |
| 19:01 | Create | Villager (Male) |
| 19:04 | Create | Scout Cavalry |
| 19:04 | Create | Knight |
| 19:05 | Create | Knight |
| 19:20 | Create | Villager (Male) |
| 19:24 | Build | House |
| 19:25 | Build | House |
| 19:26 | Create | Villager (Male) |
| 19:48 | Research | Cavalier (upgrade) |
| 19:48 | Create | Knight |
| 19:49 | Create | Villager (Male) |
| 19:53 | Create | Knight |
| 20:03 | Build | House |
| 20:06 | Build | Farm |
| 20:09 | Build | Farm |
| 20:12 | Build | Farm |
| 20:27 | Research | Chain Barding Armor |
| 20:34 | Create | Villager (Male) |
| 20:54 | Research | Wheelbarrow |
| 21:12 | Create | Knight |
| 21:12 | Create | Knight |
| 21:28 | Create | Knight |
| 21:28 | Create | Knight |
| 21:30 | Create | Villager (Male) |
| 21:48 | Create | Villager (Male) |
| 21:59 | Create | Villager (Male) |
| 22:02 | Create | Knight |
| 22:02 | Create | Knight |
| 22:08 | Create | Knight |
| 22:08 | Create | Knight |
| 22:08 | Create | Knight |
| 22:54 | Create | Knight |
| 22:54 | Create | Knight |
| 22:54 | Create | Knight |
| 22:57 | Create | Villager (Male) |
| 23:01 | Create | Knight |
| 23:20 | Create | Villager (Male) |
| 23:43 | Create | Villager (Male) |
| 23:52 | Create | Knight |
| 23:52 | Create | Knight |
| 23:52 | Create | Knight |
| 23:53 | Create | Villager (Male) |
| 24:11 | Create | Villager (Male) |
| 24:21 | Create | Scout Cavalry |
| 24:22 | Create | Knight |
| 24:22 | Create | Knight |
| 24:22 | Create | Knight |
| 24:22 | Create | Knight |
| 24:26 | Build | House |
| 24:27 | Build | House |
| 24:29 | Build | House |
| 24:40 | Create | Villager (Male) |
| 25:01 | Create | Villager (Male) |
| 25:05 | Create | Knight |
| 25:06 | Create | Knight |
| 25:47 | Create | Villager (Male) |
| 25:52 | Create | Knight |
| 25:53 | Create | Knight |
| 25:53 | Create | Knight |
| 26:06 | Create | Villager (Male) |
| 26:08 | Create | Knight |
| 26:09 | Create | Knight |
| 26:14 | Research | Forging |
| 26:35 | Create | Knight ×2 |
| 26:36 | Create | Villager (Male) |
| 26:54 | Create | Villager (Male) |
| 27:12 | Create | Villager (Male) |
| 27:22 | Build | Farm |
| 27:23 | Build | Farm |
| 27:24 | Create | Villager (Male) |
Build order — Hetzer
80 actions detected in the replay
| 0:01 | Create | Villager (Male) ×4 |
| 0:02 | Build | House |
| 0:03 | Build | House |
| 1:44 | Build | Lumber Camp |
| 1:46 | Create | Villager (Male) |
| 1:46 | Create | Villager (Male) |
| 2:01 | Create | Villager (Male) |
| 2:26 | Create | Villager (Male) |
| 2:26 | Create | Villager (Male) |
| 3:03 | Create | Villager (Male) |
| 3:04 | Create | Villager (Male) |
| 3:17 | Create | Villager (Male) |
| 3:37 | Build | Mill |
| 3:46 | Create | Villager (Male) |
| 3:52 | Build | House |
| 4:15 | Create | Villager (Male) |
| 4:15 | Create | Villager (Male) |
| 4:48 | Create | Villager (Male) |
| 4:48 | Create | Villager (Male) |
| 5:08 | Create | Villager (Male) |
| 5:36 | Create | Villager (Male) |
| 5:48 | Create | Villager (Male) |
| 6:21 | Create | Villager (Male) |
| 6:47 | Create | Villager (Male) |
| 6:55 | Build | House |
| 7:18 | Create | Villager (Male) |
| 7:25 | Create | Villager (Male) |
| 8:16 | Research | Feudal Age |
| 8:22 | Build | Mining Camp |
| 8:44 | Build | Palisade Wall |
| 8:50 | Build | House |
| 8:57 | Build | Palisade Wall |
| 9:17 | Build | Mining Camp |
| 9:20 | Research | Loom |
| 10:34 | Age | Feudal Age |
| 10:36 | Create | Villager (Male) |
| 10:36 | Create | Villager (Male) |
| 10:48 | Build | Market |
| 11:14 | Build | Blacksmith |
| 11:46 | Create | Villager (Male) |
| 12:14 | Build | Watch Tower |
| 12:21 | Research | Castle Age |
| 12:44 | Build | Lumber Camp |
| 12:58 | Research | Double-Bit Axe |
| 13:48 | Build | Farm |
| 13:57 | Research | Fletching |
| 14:01 | Build | Farm |
| 14:53 | Build | Barracks |
| 15:01 | Age | Castle Age |
| 15:13 | Build | Siege Workshop |
| 15:17 | Create | Villager (Male) |
| 15:35 | Build | Stone Wall |
| 15:37 | Build | Stone Wall |
| 15:52 | Create | Mangonel |
| 15:57 | Create | Villager (Male) |
| 16:03 | Create | Villager (Male) |
| 16:59 | Create | Villager (Male) |
| 17:08 | Create | Mangonel |
| 17:38 | Build | House |
| 17:54 | Build | Town Center |
| 18:00 | Create | Villager (Male) |
| 18:07 | Research | Wheelbarrow |
| 18:35 | Build | Palisade Wall |
| 18:37 | Build | Palisade Wall |
| 18:44 | Build | Palisade Wall |
| 18:49 | Build | House |
| 19:10 | Create | Villager (Male) |
| 19:17 | Build | House |
| 19:18 | Build | House |
| 19:20 | Build | House |
| 19:21 | Build | House |
| 19:22 | Build | Palisade Wall |
| 19:24 | Build | House |
| 19:25 | Build | Palisade Wall |
| 19:33 | Create | Villager (Male) |
| 19:56 | Build | Monastery |
| 20:34 | Create | Monk |
| 21:36 | Create | Mangonel |
| 24:30 | Build | House |
| 27:55 | Build | Town Center |
Build order — [KT] The Best
First 150 of 287 actions detected
| 0:02 | Create | Villager (Male) |
| 0:03 | Build | House |
| 0:05 | Build | House |
| 0:08 | Build | House |
| 0:23 | Create | Villager (Male) |
| 0:24 | Create | Villager (Male) |
| 0:24 | Create | Villager (Male) |
| 0:24 | Create | Villager (Male) |
| 1:36 | Create | Villager (Male) |
| 1:37 | Create | Villager (Male) |
| 1:37 | Create | Villager (Male) |
| 1:54 | Create | Villager (Male) |
| 1:54 | Create | Villager (Male) |
| 1:54 | Create | Villager (Male) |
| 2:17 | Create | Villager (Male) |
| 2:17 | Create | Villager (Male) |
| 2:18 | Create | Villager (Male) |
| 2:43 | Create | Villager (Male) |
| 2:53 | Build | House |
| 2:55 | Build | House |
| 2:57 | Build | House |
| 3:05 | Create | Villager (Male) |
| 3:06 | Create | Villager (Male) |
| 3:06 | Create | Villager (Male) |
| 3:30 | Build | Lumber Camp |
| 3:49 | Create | Villager (Male) |
| 3:49 | Create | Villager (Male) |
| 3:49 | Create | Villager (Male) |
| 3:50 | Create | Villager (Male) |
| 3:50 | Create | Villager (Male) |
| 4:10 | Create | Villager (Male) |
| 4:10 | Create | Villager (Male) |
| 4:11 | Create | Villager (Male) |
| 4:47 | Create | Villager (Male) |
| 4:48 | Create | Villager (Male) |
| 5:04 | Create | Villager (Male) |
| 5:05 | Create | Villager (Male) |
| 5:05 | Create | Villager (Male) |
| 5:05 | Create | Villager (Male) |
| 6:00 | Create | Villager (Male) |
| 6:01 | Create | Villager (Male) |
| 6:28 | Build | Mill |
| 7:17 | Build | Farm |
| 7:53 | Create | Villager (Male) |
| 7:54 | Create | Villager (Male) |
| 7:57 | Research | Feudal Age |
| 8:32 | Build | Mining Camp |
| 9:06 | Build | Farm |
| 10:59 | Age | Feudal Age |
| 11:00 | Research | Castle Age |
| 11:00 | Research | Castle Age |
| 11:02 | Research | Double-Bit Axe |
| 11:03 | Research | Double-Bit Axe |
| 11:13 | Research | Horse Collar |
| 11:35 | Build | Farm |
| 11:37 | Build | Farm |
| 11:40 | Build | Farm |
| 12:09 | Build | Farm |
| 12:54 | Build | House |
| 12:55 | Build | House |
| 13:40 | Age | Castle Age |
| 13:42 | Research | Bow Saw |
| 13:42 | Research | Bow Saw |
| 13:53 | Build | Town Center |
| 14:00 | Create | Villager (Male) |
| 14:10 | Create | Villager (Male) |
| 14:33 | Create | Villager (Male) |
| 14:55 | Create | Villager (Male) |
| 14:57 | Create | Villager (Male) |
| 15:03 | Research | Heavy Plow |
| 15:08 | Create | Villager (Male) |
| 15:19 | Build | Farm |
| 15:24 | Create | Villager (Male) ×3 |
| 15:36 | Build | Farm |
| 15:52 | Create | Villager (Male) ×2 |
| 16:10 | Create | Villager (Male) ×2 |
| 16:14 | Build | Farm |
| 16:27 | Build | Castle |
| 16:38 | Build | Farm |
| 16:39 | Build | Farm |
| 16:49 | Build | Farm |
| 16:52 | Build | Farm |
| 16:53 | Build | Farm |
| 16:54 | Build | Farm |
| 17:00 | Create | Villager (Male) ×4 |
| 17:16 | Build | Farm |
| 17:18 | Build | Farm |
| 17:30 | Create | Villager (Male) ×3 |
| 17:33 | Build | House |
| 17:40 | Research | Loom |
| 17:44 | Research | Wheelbarrow |
| 17:49 | Build | Farm |
| 17:50 | Build | Farm |
| 18:06 | Research | Gold Mining |
| 18:08 | Create | Villager (Male) ×3 |
| 18:12 | Build | Farm |
| 18:16 | Build | Farm |
| 18:26 | Create | Ballista Elephant |
| 18:36 | Build | House |
| 18:39 | Build | House |
| 18:41 | Build | House |
| 18:51 | Create | Villager (Male) |
| 18:53 | Create | Ballista Elephant |
| 19:09 | Create | Villager (Male) ×3 |
| 19:12 | Build | Farm |
| 19:14 | Build | Farm |
| 19:25 | Create | Ballista Elephant |
| 19:33 | Build | Blacksmith |
| 19:40 | Create | Villager (Male) ×3 |
| 19:53 | Build | Farm |
| 19:58 | Create | Ballista Elephant |
| 20:14 | Build | Farm |
| 20:20 | Research | Fletching |
| 20:35 | Build | House |
| 20:43 | Create | Villager (Male) |
| 20:43 | Create | Villager (Male) |
| 20:51 | Build | Siege Workshop |
| 20:56 | Build | Farm |
| 20:58 | Create | Villager (Male) |
| 21:01 | Create | Villager (Male) |
| 21:04 | Create | Villager (Male) |
| 21:05 | Create | Villager (Male) |
| 21:09 | Research | Scale Barding Armor |
| 21:23 | Build | Stable |
| 21:37 | Create | Ballista Elephant |
| 21:39 | Create | Battering Ram |
| 21:39 | Create | Battering Ram |
| 21:56 | Research | Town Watch |
| 21:58 | Create | Villager (Male) |
| 22:00 | Create | Ballista Elephant ×3 |
| 22:20 | Create | Battle Elephant |
| 22:32 | Create | Petard |
| 23:08 | Create | Battle Elephant |
| 23:23 | Create | Villager (Male) |
| 23:24 | Create | Villager (Male) |
| 24:35 | Create | Villager (Male) |
| 24:39 | Create | Villager (Male) ×5 |
| 24:48 | Research | Bloodlines |
| 24:50 | Research | Chain Barding Armor |
| 25:01 | Build | Monastery |
| 25:04 | Research | Stone Mining |
| 25:04 | Research | Stone Mining |
| 25:06 | Create | Villager (Male) |
| 25:08 | Create | Villager (Male) |
| 25:18 | Build | Lumber Camp |
| 25:22 | Build | Farm |
| 25:24 | Build | Farm |
| 25:25 | Build | Farm |
| 25:26 | Build | Farm |
| 25:28 | Build | Farm |
Match timeline
| 8:04 | [MLTS] RKotzen · age_up feudal |
| 8:44 | Hetzer · wall_segment Palisade Wall x1 |
| 8:57 | Hetzer · wall_segment Palisade Wall x6 |
| 10:31 | sam666 · age_up feudal |
| 10:34 | Hetzer · age_up feudal |
| 10:59 | [KT] The Best · age_up feudal |
| 11:17 | Window_of_Opportunity · age_up feudal |
| 12:02 | [IMGG]LORDOCT · age_up feudal |
| 13:39 | [IMGG]LORDOCT · first_building Barracks |
| 13:40 | [KT] The Best · age_up castle |
| 14:11 | sam666 · age_up castle |
| 14:53 | Hetzer · first_building Barracks |
| 14:56 | Window_of_Opportunity · age_up castle |
| 14:58 | [IMGG]LORDOCT · first_building Stable |
| 15:01 | Hetzer · age_up castle |
| 15:11 | [IMGG]LORDOCT · first_market_sell 100 stone |
| 15:12 | [IMGG]LORDOCT · first_market_buy 100 wood |
| 15:13 | Hetzer · first_building Siege Workshop |
| 15:25 | Window_of_Opportunity · first_building Castle |
| 15:35 | Hetzer · wall_segment Stone Wall x1 |
| 15:37 | Hetzer · wall_segment Stone Wall x1 |
| 16:10 | [IMGG]LORDOCT · age_up castle |
| 16:27 | [KT] The Best · first_building Castle |
| 17:22 | sam666 · first_building Monastery |
| 17:59 | Window_of_Opportunity · first_market_buy 100 wood |
| 18:05 | Hetzer · first_market_buy 100 food |
| 18:15 | Window_of_Opportunity · first_building Siege Workshop |
| 18:35 | Hetzer · wall_segment Palisade Wall x1 |
| 18:37 | Hetzer · wall_segment Palisade Wall x1 |
| 18:44 | Hetzer · wall_segment Palisade Wall x1 |
| 18:59 | Window_of_Opportunity · first_market_sell 100 stone |
| 19:22 | Hetzer · wall_segment Palisade Wall x1 |
| 19:25 | Hetzer · wall_segment Palisade Wall x1 |
| 19:56 | Hetzer · first_building Monastery |
| 19:57 | [MLTS] RKotzen · first_market_sell 100 stone |
| 20:49 | sam666 · first_building Barracks |
| 20:51 | [KT] The Best · first_building Siege Workshop |
| 21:23 | [KT] The Best · first_building Stable |
| 22:49 | [MLTS] RKotzen · age_up castle |
| 22:54 | [MLTS] RKotzen · first_market_buy 100 stone |
| 23:40 | [MLTS] RKotzen · first_building Castle |
| 25:01 | [KT] The Best · first_building Monastery |
| 27:09 | sam666 · tribute_sent a jugador 1 |
| 27:09 | sam666 · tribute_sent a jugador 2 |
| 27:09 | sam666 · tribute_sent a jugador 3 |
| 27:09 | sam666 · tribute_sent a jugador 4 |
| 27:09 | sam666 · tribute_sent a jugador 5 |
| 27:28 | sam666 · tribute_sent a jugador 1 |
| 27:28 | sam666 · tribute_sent a jugador 2 |
| 27:28 | sam666 · tribute_sent a jugador 3 |
| 27:28 | sam666 · tribute_sent a jugador 4 |
| 27:28 | sam666 · tribute_sent a jugador 5 |
| 27:43 | sam666 · tribute_sent a jugador 1 |
| 27:43 | sam666 · tribute_sent a jugador 2 |
| 27:43 | sam666 · tribute_sent a jugador 3 |
| 27:43 | sam666 · tribute_sent a jugador 4 |
| 27:43 | sam666 · tribute_sent a jugador 5 |
| 28:21 | Window_of_Opportunity · resign |
| 28:36 | sam666 · first_market_buy 100 stone |
| 28:49 | sam666 · first_building Castle |
| 29:01 | sam666 · first_building Siege Workshop |
| 29:30 | [MLTS] RKotzen · age_up imperial |
| 30:03 | sam666 · age_up imperial |
| 31:45 | [MLTS] RKotzen · first_building Siege Workshop |
| 33:40 | [KT] The Best · age_up imperial |
| 39:49 | [KT] The Best · first_market_buy 100 stone |
[ AI ANALYSIS · 1 CREDIT ]
What really happened in this match?
Wolo.gg analyzes every decision: build order, eco, micro, common mistakes by bracket. Personalized analysis on WhatsApp or Discord in 30 seconds.
Civ guide
Shu
Perfil
Jugador #19760442